AoeStats
← JLoos

Arabia

510433375Analyzed
2v2 RM · 2d ago on Oct 1, 2026· 35m 56s· 4 players
Game mode
Random Map
Map size
Medium (4 player)
Population
200
Speed
Normal
Resources
Standard
Victory
Conquest
Starting age
Dark Age
Ending age
Imperial Age
RankedLock teamsTeams togetherTeam positionsShared explorationLock speedFull tech treeHidden civsTurbo modeCheats
Victory
Defeat
🇧🇷 Mongols · Brazil
908
+14
🇧🇷 Lithuanians · Brazil
903
+14
🇨🇷 Magyars · Costa Rica
878
-15
🇳🇱 Turks · Netherlands
842
-13
vctortierrez.94
0:34 Loom
13:30 Feudal Age
14:56 Double-Bit Axe
22:24 Castle Age
25:28 Stone Mining
30:14 Corvinian Army
31:58 Pikeman
Oh My Lord
6:23 Loom
13:55 Feudal Age
16:14 Loom
22:32 Wheelbarrow
28:10 Castle Age
25:39 Man-at-Arms
27:13 Double-Bit Axe
27:14 Horse Collar
sabotaaa
7:13 Loom
8:59 Feudal Age
11:12 Double-Bit Axe
11:11 Horse Collar
18:21 Forging
21:49 Castle Age
20:02 Gold Mining
20:30 Bloodlines
21:28 Scale Barding Armor
22:35 Husbandry
24:44 Bow Saw
26:37 Iron Casting
27:28 Wheelbarrow
26:39 Town Watch
28:47 Chain Barding Armor
34:30 Heavy Plow
JLoos
7:14 Loom
9:28 Feudal Age
15:27 Double-Bit Axe
18:21 Castle Age
18:13 Horse Collar
18:20 Double-Bit Axe
19:17 Heavy Plow
23:13 Scale Barding Armor
25:14 Chain Barding Armor
25:28 Husbandry
25:38 Bloodlines
27:16 Wheelbarrow
26:46 Gold Mining
26:49 Stone Mining
29:41 Forging
29:33 Scale Mail Armor
30:05 Bow Saw
30:06 Fletching
30:17 Murder Holes
Connection lost

Rejoining the realm…

Still unreachable

The connection could not be restored.

Session expired

The server has moved on; the page needs a fresh start.